 Dungeon Crawl Stone Soup version 0.28.0-47-ge53b351184 (webtiles) character file.

Game seed: 12263260755086023670

1573 bobregger the Fighter (level 8, -1/88 HPs)
             Began as an Ogre Berserker on Apr 30, 2022.
             Was a Believer of Trog.
             Shot with an arrow by something (13 damage)
             ... on level 6 of the Dungeon.
             The game lasted 00:06:38 (7922 turns).

bobregger the Fighter (Ogre Berserker)              Turns: 7922, Time: 00:06:39

Health: -1/88      AC:  4    Str: 22    XL:     8   Next: 90%
Magic:  0/8        EV: 11    Int:  8    God:    Trog [**....]
Gold:   262        SH:  0    Dex: 10    Spells: 7/7 levels left

rFire   . . .      SeeInvis .   s - +0 great mace
rCold   + . .      Faith    .   (shield currently unavailable)
rNeg    . . .      Spirit   +   b - +1 animal skin
rPois   .          Reflect  .   (helmet restricted)
rElec   .          Harm     .   (no cloak)
rCorr   .          Rampage  .   (gloves unavailable)
Will    ++...                   (boots unavailable)
Stlth   +.........              l - amulet of guardian spirit
HPRegen 1.24/turn               t - ring of protection from cold
MPRegen 0.11/turn               (no ring)

@: strong-willed, regenerating
A: large, unfitting armour, tough skin 1
a: Renounce Religion, Berserk, Trog's Hand


You were on level 6 of the Dungeon.
You worshipped Trog.
Trog was pleased with you.
You visited 1 branch of the dungeon, and saw 6 of its levels.

You collected 262 gold pieces.

Inventory:

Hand Weapons
 q - a +0 giant spiked club
 s - a +0 great mace (weapon)
Armour
 b - a +1 animal skin (worn)
Jewellery
 l - an amulet of guardian spirit (around neck)
 t - a ring of protection from cold (left hand)
Wands
 p - a wand of flame (8)
Scrolls
 a - a scroll of identify
 d - 3 scrolls of teleportation
 e - a scroll of fog
 g - a scroll of magic mapping {unknown}
 n - a scroll of immolation
 r - 2 scrolls of amnesia {unknown}
 u - a scroll of summoning {unknown}
Potions
 c - a potion of might
 f - 2 potions of heal wounds {unknown}
 h - a potion of lignification {unknown}
 i - a potion of ambrosia {unknown}
 j - a potion of curing {unknown}
 k - a potion of magic {unknown}
 m - a potion of attraction {unknown}
 o - a potion of mutation {unknown}


   Skills:
 + Level 8.1 Fighting
 * Level 7.5 Maces & Flails
 + Level 5.7 Dodging


You had 7 spell levels left.
You didn't know any spells.
Your spell library was empty.

Dungeon Overview and Level Annotations

Branches:
Dungeon (6/15)             Temple (0/1) D:5

Altars:
Ashenzari
Elyvilon
Nemelex Xobeh
Uskayaw
The Shining One


Innate Abilities, Weirdness & Mutations

You are too large for most types of armour.
You have tough skin. (AC +1)


Message History

You hit the bullfrog zombie.
The bullfrog zombie is almost destroyed.
The bullfrog zombie hits you.
You hit the bullfrog zombie but do no damage.
The bullfrog zombie is almost destroyed.
The bullfrog zombie misses you. The bullfrog zombie closely misses you.
You bludgeon the bullfrog zombie!!
You destroy the bullfrog zombie!
Trog accepts your kill.
Magic restored.
Found a stone staircase leading down.
You now have 262 gold pieces (gained 10).
u - a scroll labelled ESYASO XOQUKK A centaur comes into view.
Found 26 stones.
The centaur shouts!
The centaur drinks a potion.
The centaur flickers and vanishes!
Deactivating autopickup; reactivate with Ctrl-A.
There is a strange disturbance nearby!
An arrow appears from out of thin air!
The arrow hits you! The arrow burns you.
Found 3 scrolls of teleportation.
You hear a twanging sound.
An arrow appears from out of thin air!
The arrow hits you! The arrow burns you.
You hear a twanging sound.
An arrow appears from out of thin air!
The arrow hits you! The arrow burns you.
You hear a shout!
An arrow appears from out of thin air!
The arrow hits you! The arrow burns you.
Okay, then.
Your skin crawls.
You feel strong-willed.
An arrow appears from out of thin air!
The arrow hits you!
* * * LOW HITPOINT WARNING * * *
The arrow burns you.
* * * LOW HITPOINT WARNING * * *
An arrow appears from out of thin air!
The arrow hits you!
* * * LOW HITPOINT WARNING * * *
The arrow burns you.
* * * LOW HITPOINT WARNING * * *
An arrow appears from out of thin air!
The arrow hits you!
You die...

#.......# #..{.(...
#........ #........
#........ #........
.. #........ ..
#.>.##...
#.###########@#.#
####.............#?..
.....###........##
.#..
......##.......###..#
..
.......#.##........ .
. ............#####..
.. ...(.....#### ..
.........#### .
.............


There were no monsters in sight!

Vanquished Creatures
  Grinder (D:3)
  Sigmund (D:3)
  Duvessa (D:4)
  3 ogres
  A necrophage (D:4)
  A kobold brigand (D:4)
  A scorpion (D:4)
  Dowan (D:4)
  A centaur zombie (D:6)
  A bullfrog zombie (D:6)
  A jelly (D:4)
  A centaur skeleton (D:4)
  Jessica (D:3)
  Ijyb (D:5)
  Natasha (thrice) (D:3)
  4 iguanas
  An orc wizard (D:5)
  A scorpion zombie (D:5)
  A hound skeleton (D:4)
  A howler monkey zombie (D:5)
  2 howler monkey skeletons
  7 adders
  2 ufetubi (D:5)
  2 worms
  3 dart slugs
  7 orcs
  8 ball pythons
  6 bats
  10 endoplasms
  2 giant cockroaches
  7 goblins
  8 hobgoblins
  2 quokkas
  2 frilled lizards (D:2)
  5 kobolds
  6 rats
106 creatures vanquished.

Notes
Turn   | Place    | Note
-------+----------+-------------------------------------------
     0 | D:1      | bobregger the Ogre Berserker began the quest for the Orb.
     0 | D:1      | Reached XP level 1. HP: 24/24 MP: 1/1
   161 | D:1      | Reached XP level 2. HP: 32/32 MP: 2/2
   587 | D:1      | Found a faded altar of an unknown god.
   687 | D:1      | Reached XP level 3. HP: 40/40 MP: 3/3
   713 | D:1      | Reached ** piety under Trog
  1248 | D:2      | Reached XP level 4. HP: 40/49 MP: 4/4
  1792 | D:2      | Found a white marble altar of Elyvilon.
  1829 | D:3      | Noticed Sigmund
  1835 | D:3      | Noticed Grinder
  2230 | D:3      | Noticed Jessica
  2244 | D:3      | Killed Jessica
  2245 | D:3      | Reached skill level 5 in Fighting
  2245 | D:3      | Reached XP level 5. HP: 23/57 MP: 5/5
  2517 | D:3      | Killed Grinder
  2518 | D:3      | Reached XP level 6. HP: 55/67 MP: 6/6
  2569 | D:3      | Killed Sigmund
  2570 | D:3      | Reached skill level 6 in Fighting
  2570 | D:3      | Reached skill level 5 in Maces & Flails
  2570 | D:3      | Reached XP level 7. HP: 75/75 MP: 7/7
  2612 | D:3      | Found a broken altar of Ashenzari.
  2629 | D:3      | Found a hide-covered altar of Uskayaw.
  2630 | D:3      | Found a glowing golden altar of the Shining One.
  2787 | D:3      | Noticed Natasha
  2795 | D:3      | Killed Natasha
  2887 | D:3      | Noticed Natasha
  2896 | D:3      | Killed Natasha
  3076 | D:3      | Noticed Natasha
  3087 | D:3      | Killed Natasha
  4604 | D:4      | Reached XP level 8. HP: 84/84 MP: 8/8
  4813 | D:4      | Found a sparkling altar of Nemelex Xobeh.
  4834 | D:4      | Noticed Duvessa
  4834 | D:4      | Noticed Dowan
  4845 | D:4      | Killed Dowan
  4846 | D:4      | Reached skill level 7 in Fighting
  4855 | D:4      | Killed Duvessa
  4856 | D:4      | Reached skill level 5 in Dodging
  5780 | D:5      | Entered Level 5 of the Dungeon
  6291 | D:5      | Noticed Ijyb
  6308 | D:5      | Killed Ijyb
  6823 | D:5      | Found a staircase to the Ecumenical Temple.
  7787 | D:6      | Reached skill level 8 in Fighting
  7922 | D:6      | Shot with an arrow by something

Illustrated notes

Levels and vault maps discovered:
D:1:      nicolae_arrival_memento_mori, layout_basic,
          chequers_ecumenical_altar_grove, minmay_crystal_room,
          minmay_crystal_water
D:2:      layout_rooms, basic_altar
D:3:      layout_rooms, minitemple, lemuel_doored_altar, uniq_natasha,
          uniq_jessica, uniq_sigmund, uniq_grinder
D:4:      layout_gridville, nemelex_spade_bored_becter, minmay_misc_feat_plants,
          uniq_duvessa
D:5:      layout_basic, minmay_temple_entry_offerings, uniq_ijyb
D:6:      layout_rooms, guppyfry_early_elven_hall, uniq_menkaure

Skill      XL: |  1  2  3  4  5  6  7  8 |
---------------+-------------------------+-----
Maces & Flails | 3 4 5 6 7 |  7.5
Dodging        | 3 4 5 |  5.7
Fighting       | 5 6 8 |  8.1

Action                   |  1- 3 |  4- 6 |  7- 9 || total
-------------------------+-------+-------+-------++-------
Melee: Mace              |    91 |    79 |   210 ||   380
       Punch             |       |     2 |     4 ||     6
       Great mace        |       |       |    19 ||    19
Invok: Berserk           |     1 |     4 |     7 ||    12
       Trog's Hand       |       |     3 |     1 ||     4
  Use: Scroll            |       |       |     8 ||     8
Armor: Animal skin       |    44 |    28 |    55 ||   127
Dodge: Dodged            |    85 |    43 |   129 ||   257
